 Dungeon Crawl Stone Soup version 0.28-a0-653-g7e9dba17c3 (webtiles) character file.

Game seed: 17516827041216842457

555 blank1 the Ruffian (level 7, -7/61 HPs)
             Began as a Ghoul Monk on Oct 11, 2021.
             Was an Elder of Lugonu.
             Mangled by an ancient zyme (11 damage)
             ... on level 3 of the Dungeon.
             The game lasted 00:09:29 (2842 turns).

blank1 the Ruffian (Ghoul Monk)                     Turns: 2842, Time: 00:09:30

Health: -7/61      AC:  6    Str: 22    XL:     7   Next: 30%
Magic:  8/8        EV: 12    Int:  5    God:    Lugonu [****..]
Gold:   129        SH:  0    Dex: 16    Spells: 6/6 levels left

rFire   . . .      SeeInvis .     - Unarmed
rCold   + . .      Faith    .   (no shield)
rNeg    + + +      Spirit   .   f - +0 ring mail
rPois   ∞          Reflect  .   (no helmet)
rElec   +          Harm     .   h - +0 cloak
rCorr   .          Rampage  .   (no gloves)
Will    .....                   (no boots)
Stlth   ++........              d - amulet of the acrobat
HPRegen 0.00/turn               n - ring "Oschenk" {Drain rElec Dex+4 Slay+4}
MPRegen 0.11/turn               g - +6 ring of strength

@: inhibited regen, studying 2 skills
A: claws 1, cold resistance 1, negative energy resistance 3, inhibited
regeneration, torment resistance 2
a: Renounce Religion, Depart the Abyss, Bend Space, Banish, Corrupt


You were on level 3 of the Dungeon.
You worshipped Lugonu.
Lugonu was greatly pleased with you.
You visited 1 branch of the dungeon, and saw 3 of its levels.

You collected 129 gold pieces.

Inventory:

Armour
 f - a +0 ring mail (worn)
 h - a +0 cloak (worn)
Jewellery
 a - a ring of magical power
 d - an amulet of the acrobat (around neck)
 g - a +6 ring of strength (right claw)
 n - the ring "Oschenk" (left claw) {Drain rElec Dex+4 Slay+4}
   (You acquired it on level 3 of the Dungeon)

   [ring of slaying]

   Dex:       It affects your dexterity (+4).
   Slay:      It affects your accuracy & damage with ranged weapons and melee
   (+4).
   rElec:     It insulates you from electricity.
   Drain:     It drains your maximum health when unequipped.
Wands
 k - a wand of flame (24)
Scrolls
 b - a scroll of identify
 c - a scroll of teleportation
 i - a scroll of blinking
 l - a scroll of vulnerability {unknown}
 m - a scroll of magic mapping {unknown}
Potions
 e - 2 potions of curing
 j - 3 potions of mutation


   Skills:
 - Level 5.0 Fighting
 - Level 1.0 Armour
 - Level 4.0 Dodging
 - Level 4.2 Stealth
 + Level 6.2 Unarmed Combat
 - Level 3.0 Invocations


You had 6 spell levels left.
You didn't know any spells.
Your spell library was empty.

Dungeon Overview and Level Annotations

Branches:
Dungeon (3/15)

Altars:
Wu Jian
Lugonu

Shops:
D:1 :

Portals:
Abyss: D:3

Annotations:
D:3 1 transporter, Rennog's ghost, amateur MiFi


Innate Abilities, Weirdness & Mutations

You thrive by killing the living.
You are immune to poison.
You have sharp fingernails.
Your flesh is cold resistant. (rC+)
You are immune to negative energy. (rN+++)
You do not regenerate when monsters are visible.
You are immune to unholy pain and torment.


Message History

Okay, then.
The shadow imp shouts, "Remove thy stench, thou pox-marked knotty-pated measle!"
You hear a shout!
There is a transporter here.
You enter the transporter and appear at another place.
The small abomination closely misses you.
The shadow imp enters a dispersal trap!
The kobold brigand blinks!
The small abomination blinks!
You blink.
The shadow imp blinks!
The kobold brigand hits you but does no damage.
Space bends around you!
You miss the kobold brigand. The kobold brigand closely misses you.
You completely miss the kobold brigand. The shadow imp closely misses you.
The kobold brigand hits you with a +0 rapier of distortion!
Space bends around you.
You claw the kobold brigand!
The kobold brigand is heavily wounded.
The small abomination enters a dispersal trap!
The kobold brigand blinks!
The shadow imp blinks! x3
The kobold brigand blinks!
You blink.
The small abomination blinks!
The ancient zyme completely misses you. The ancient zyme hits you.
You see here a +0 spear.
You barely miss the ancient zyme. The shadow imp hits you.
You scratch the ancient zyme.
The ancient zyme is lightly damaged.
The small abomination closely misses you.
The ancient zyme misses you. The ancient zyme closely misses you.
The shadow imp shouts, "Fly, thou froward toad-spotted garbage dump!"
The shadow imp barely misses you.
You scratch the ancient zyme.
The ancient zyme is lightly damaged.
The small abomination hits you. The ancient zyme hits you!
* * * LOW HITPOINT WARNING * * *
The ancient zyme barely misses you.
You are too injured to fight recklessly!
You claw the ancient zyme!
The ancient zyme is moderately damaged.
The small abomination hits you!
* * * LOW HITPOINT WARNING * * *
The shadow imp barely misses you. The ancient zyme hits you!
You die...

.......#####..###..###..#
........................#
........................#
.........####...(###....#
..#...####..##..##.##..##
###...#x.....#©##...#©.#
......#####..###.^.##..#
##.....#####..©x#5.#...#
###........###.#@###...#
# #.........#§##x#....(##
###....###..##..K#......#
......##©##..#.#.##.....#
###..##..##.##.#..##....#
# #..##...###. #.# #....#
###.).##.^:....#^#.##...#
.......#.#..#^#....W#...#
.......#.#. ...###∩#...#


You could see an ancient zyme, a kobold brigand, a small abomination and a
shadow imp.

Vanquished Creatures
  Grinder (D:3)
  Sigmund (D:3)
  Jessica (D:3)
  Natasha (twice) (D:3)
  6 adders
  A worm (D:3)
  2 dart slugs
  An orc (D:3)
  6 bats
  7 endoplasms
  3 giant cockroaches
  A goblin (D:2)
  4 hobgoblins (D:1)
  8 kobolds
  2 quokkas (D:2)
  7 ball pythons
  6 frilled lizards
  6 rats
65 creatures vanquished.

Notes
Turn   | Place    | Note
-------+----------+-------------------------------------------
     0 | D:1      | blank1 the Ghoul Monk began the quest for the Orb.
     0 | D:1      | Reached XP level 1. HP: 19/19 MP: 0/0
   135 | D:1      | Reached XP level 2. HP: 12/26 MP: 1/1
   564 | D:1      | Found a faded altar of an unknown god.
   576 | D:1      | Prayed at the altar of an unknown god.
   576 | D:1      | Became a worshipper of Lugonu the Unformed
   576 | D:1      | Reached * piety under Lugonu
   576 | D:1      | Reached ** piety under Lugonu
   576 | D:1      | Reached *** piety under Lugonu
   635 | D:1      | Reached XP level 3. HP: 31/31 MP: 2/2
   647 | D:1      | Found Foocyid's Book Shoppe.
   784 | D:2      | Reached skill level 1 in Armour
   972 | D:2      | Found an ornate altar of the Wu Jian Council.
  1115 | D:2      | Reached **** piety under Lugonu
  1160 | D:2      | Reached XP level 4. HP: 37/40 MP: 3/3
  1328 | D:2      | Reached skill level 1 in Invocations
  1659 | D:3      | Noticed Jessica
  1671 | D:3      | Killed Jessica
  1672 | D:3      | Reached skill level 4 in Unarmed Combat
  1830 | D:3      | Noticed Natasha
  1838 | D:3      | Killed Natasha
  1839 | D:3      | Reached XP level 5. HP: 29/46 MP: 5/5
  1960 | D:3      | Noticed Sigmund
  2024 | D:3      | Noticed a kobold brigand
  2025 | D:3      | Found a one-way gate to the infinite horrors of the Abyss.
  2025 | D:3      | Noticed Rennog's ghost (amateur MiFi)
  2028 | D:3      | Found a transporter.
  2064 | D:3      | Noticed a small abomination
  2101 | D:3      | Noticed Natasha
  2122 | D:3      | Killed Natasha
  2246 | D:3      | Noticed Grinder
  2478 | D:3      | Identified 3 scrolls of acquirement
  2478 | D:3      | Acquired the ring "Oschenk" {Drain rElec Dex+4 Slay+4}
  2484 | D:3      | Acquired a manual of Translocations
  2486 | D:3      | Acquired a manual of Unarmed Combat
  2511 | D:3      | Killed Grinder
  2512 | D:3      | Reached skill level 5 in Unarmed Combat
  2512 | D:3      | Reached XP level 6. HP: 26/53 MP: 5/7
  2713 | D:3      | Killed Sigmund
  2714 | D:3      | Reached skill level 5 in Fighting
  2714 | D:3      | Reached skill level 6 in Unarmed Combat
  2714 | D:3      | Reached XP level 7. HP: 50/61 MP: 8/8
  2781 | D:3      | Noticed an ancient zyme
  2804 | D:3      | Found a transporter.
  2842 | D:3      | Mangled by an ancient zyme

Illustrated notes

Levels and vault maps discovered:
D:1:      nzn_arrival_crosshair, layout_basic, chequers_ecumenical_altar_simple,
          serial_shops, nicolae_diamond_shop
D:2:      layout_loops_ring, basic_altar, hangedman_decor_clover_reticule,
          columned_hall_lemuel
D:3:      layout_rooms, gammafunk_ghost_abyssal_escape, uniq_natasha,
          uniq_sigmund, uniq_jessica, uniq_grinder

Skill      XL: |  1  2  3  4  5  6 |
---------------+-------------------+-----
Armour         | 1 |  1.0
Dodging        | 3 4 |  4.0
Stealth        | 3 4 |  4.2
Invocations    | 1 3 |  3.0
Fighting       | 4 5 |  5.0
Unarmed Combat | 4 5 6 |  6.2

Action                   |  1- 3 |  4- 6 |  7- 9 || total
-------------------------+-------+-------+-------++-------
Melee: Unarmed           |    86 |   100 |     7 ||   193
       Punch             |     2 |     2 |       ||     4
  Use: Scroll            |       |     7 |       ||     7
 Stab: Sleeping          |     6 |     2 |       ||     8
Armor: Robe              |     7 |       |       ||     7
       Ring mail         |    17 |    29 |     1 ||    47
Dodge: Dodged            |    56 |    50 |    10 ||   116

Table legend: (Time is in decaauts)
 A = Elapsed time spent in this place.
 B = Non-inter-level travel time spent in this place.
 C = Inter-level travel time spent in this place.
 D = Time resting spent in this place.
 E = Time spent auto-exploring this place.
 F = Levels seen in this place.
 G = Mean time per level.
                   A        B        C        D        E       F      G
               +--------+--------+--------+--------+--------+-----+--------+
         Total |   2827 |   2743 |     84 |    597 |   1504 |   3 |  942.3 |
       Dungeon |   2827 |   2743 |     84 |    597 |   1504 |   3 |  942.3 |
               +--------+--------+--------+--------+--------+-----+--------+

Top non-repeatable levels by time:
     D:2: 1185 daAuts
     D:3: 880 daAuts
     D:1: 761 daAuts
